 Dungeon Crawl Stone Soup version 0.23-a0-386-g9c9d49f (webtiles) character file.

7 iamserjio the Ducker (level 1, -1/10 HPs)
             Began as a Felid Abyssal Knight on Oct 28, 2018.
             Was a Follower of Lugonu.
             Slain by a kobold
             ... wielding a cursed -1 whip
              (3 damage)
             ... on level 1 of the Dungeon.
             The game lasted 00:00:59 (83 turns).

iamserjio the Ducker (Felid Abyssal Knight)           Turns: 83, Time: 00:00:59

Health: -1/10      AC:  1    Str:  8    XL:     1   Next: 83%
Magic:  3/3        EV: 18    Int: 13    God:    Lugonu [*.....]
Gold:   0          SH:  0    Dex: 15    Spells: 0/0 levels left
                                        Lives:  0   Deaths: 0

rFire    . . .     SeeInvis +     - Unarmed
rCold    . . .     Gourm    .   (shield unavailable)
rNeg     . . .     Faith    .   (armour unavailable)
rPois    .         Spirit   .   (helmet unavailable)
rElec    .         Reflect  .   (cloak unavailable)
rCorr    .         Harm     .   (gloves unavailable)
MR       .....                  (boots unavailable)
Stlth    ++........             (no amulet)
HPRegen  0.03/turn              (no ring)
MPRegen  0.08/turn              (no ring)

@: quick
A: very small, no armour, no weapons or thrown items, stealth, claws 1, fangs 3,
see invisible, carnivore, speed 1, shaggy fur 1, slow metabolism 1, sharp paws
a: Depart the Abyss, Renounce Religion


You were on level 1 of the Dungeon.
You worshipped Lugonu.
Lugonu was aware of your devotion.
You were not hungry.

You visited 1 branch of the dungeon, and saw 1 of its levels.
You visited the Abyss 1 time.

Inventory:

Comestibles
 a - a ration


   Skills:
 - Level 3.1 Fighting
 * Level 3.4 Dodging
 * Level 0.2 Stealth
 * Level 2.1 Unarmed Combat
 - Level 1.9 Invocations


You couldn't memorise any spells.
You didn't know any spells.
Your spell library was empty.

Dungeon Overview and Level Annotations

Branches:
Dungeon (1/15)

Altars:


Innate Abilities, Weirdness & Mutations

You cannot wear armour.
You are incapable of wielding weapons or throwing items.
Your paws allow you to move quietly. (Stealth)
You have sharp claws.
You have razor-sharp teeth.
You have supernaturally acute eyesight. (SInv)
You are carnivorous and can eat meat at any time.
You cover ground quickly.
You are covered in fur. (AC +1)
You have a slow metabolism.
Your sharp claws are effective at attacking unaware monsters.


Message History

You barely miss the kobold. The kobold barely misses you.
You closely miss the kobold. The kobold closely misses you.
You scratch the kobold but do no damage.
The kobold closely misses you.
You scratch the kobold but do no damage.
The kobold misses you.
You miss the kobold. The kobold hits you but does no damage.
You miss the kobold.
You scratch the kobold but do no damage.
The kobold misses you.
You closely miss the kobold. The kobold hits you but does no damage.
You scratch the kobold. The kobold closely misses you.
You closely miss the kobold.
The kobold hits you with a cursed -1 whip.
You scratch the kobold.
The kobold hits you with a cursed -1 whip.
* * * LOW HITPOINT WARNING * * *
You barely miss the kobold.
The kobold hits you with a cursed -1 whip.
You die...

#.###.#..#
#.#.#...##.####.#
........##.......
............#
####.#####.##
#..# #.# #.## #.#
.. #.# .. #@#
.......K.......
........###....
........# ..
.......>#
.....$..#
.........
.....#...


You could see a kobold.

Vanquished Creatures
  3 hobgoblins (D:1)
  A kobold (D:1)
4 creatures vanquished.

Vanquished Creatures (others)
  A goblin (D:1)
1 creature vanquished.

Grand Total: 5 creatures vanquished

Notes
Turn   | Place    | Note
-------+----------+-------------------------------------------
     0 | Abyss:1  | iamserjio the Felid Abyssal Knight began the quest for the
                  | Orb.
     0 | Abyss:1  | Reached XP level 1. HP: 10/10 MP: 3/3
    21 | D:1      | Escaped the Abyss
    55 | D:1      | Reached * piety under Lugonu
    83 | D:1      | Slain by a kobold

Vault maps used:
D:1:      shiori_arrival_oz

Action                   || total
-------------------------++-------
Melee: Unarmed           ||    33
       Bite              ||     1
Invok: Depart the Abyss  ||     1
Armor: Skin              ||     1
Dodge: Dodged            ||    22

Table legend:
 A = Non-vault XP
 B = Vault XP
 C = Vault XP percentage of total XP
 D = Non-vault monster count
 E = Vault monster count
 F = Vault count percentage of total count
                 A         B        C        D         E       F
            +---------+---------+-------+---------+---------+-------
      Total |       8 |       2 |  20.0 |       4 |       1 |  20.0
            +---------+---------+-------+---------+---------+-------
        D:1 |       8 |       2 |  20.0 |       4 |       1 |  20.0
            +---------+---------+-------+---------+---------+-------
